 Dungeon Crawl Stone Soup version 0.27-a0-1026-gbab068f60c (webtiles) character file.

Game seed: 7918865010393099068

11 Morbidden the Sneak (level 2, -4/22 HPs)
             Began as a Demonspawn Brigand on Apr 18, 2021.
             Slain by a gnoll
             ... wielding a +0 club
              (7 damage)
             ... on level 1 of the Dungeon.
             The game lasted 00:00:33 (395 turns).

Morbidden the Sneak (Demonspawn Brigand)             Turns: 395, Time: 00:00:34

Health: -4/22      AC:  3    Str: 11    XL:     2   Next: 17%
Magic:  2/2        EV: 11    Int: 12    God:
Gold:   19         SH:  0    Dex: 14    Spells: 1/1 levels left

rFire    . . .     SeeInvis .   (no weapon)
rCold    . . .     Faith    .   (no shield)
rNeg     . . .     Spirit   .   b - +0 robe
rPois    .         Reflect  .   (no helmet)
rElec    .         Harm     .   c - +0 cloak
rCorr    .         Rampage  .   (no gloves)
Will     .....                  (no boots)
Stlth    +++.......             (no amulet)
HPRegen  0.07/turn              (no ring)
MPRegen  0.08/turn              (no ring)

@: no status effects
A: talons 1
a: no special abilities


You were on level 1 of the Dungeon.
You visited 1 branch of the dungeon, and saw 1 of its levels.

You collected 19 gold pieces.

Inventory:

Missiles
 d - 8 poisoned darts (quivered)
 e - 2 curare-tipped darts
Armour
 b - a +0 robe (worn)
 c - a +0 cloak (worn)
Scrolls
 a - a scroll of blinking {unknown}
 f - a scroll of amnesia {unknown}
 g - a scroll of silence {unknown}


   Skills:
 * Level 2.0 Fighting
 + Level 1.9 Short Blades
 + Level 2.0 Throwing
 + Level 0.8 Dodging
 + Level 4.0 Stealth


You had one spell level left.
You didn't know any spells.
Your spell library was empty.

Dungeon Overview and Level Annotations

Branches:
Dungeon (1/15)

Altars:


Innate Abilities, Weirdness & Mutations

You have sharp toenails.


Message History

You are frozen.
An endoplasm is nearby!
An endoplasm is nearby!
You barely miss the endoplasm. You claw the endoplasm.
You kill the endoplasm!
Your Stealth skill increases to level 4!
No target in view!
A bat comes into view.
A bat is nearby!
The bat closely misses you.
Found 15 gold pieces.
You miss the bat. You claw the bat.
You kill the bat!
You now have 19 gold pieces (gained 15).
Key pressed, stopping explore.
No target in view!
A gnoll comes into view. It is wielding a +0 club.
A gnoll is nearby!
A gnoll is nearby!
The gnoll shouts!
A gnoll is nearby!
The gnoll hits you but does no damage.
A gnoll is nearby!
You hit the gnoll but do no damage. The gnoll hits you with a +0 club!
You hit the gnoll.
The gnoll is lightly wounded.
The gnoll hits you with a +0 club.
You are too injured to fight recklessly!
You are too injured to fight recklessly!
You are too injured to fight recklessly!
You are too injured to fight recklessly!
You are too injured to fight recklessly!
You hit the gnoll but do no damage. You claw the gnoll, but do no damage.
The gnoll is lightly wounded.
The gnoll hits you with a +0 club.
* * * LOW HITPOINT WARNING * * *
You hit the gnoll.
The gnoll is moderately wounded.
The gnoll hits you with a +0 club!
You die...

#..#.### #....###.# #.# .....#
#. ########.#####.#
##.#.###.#.. ###..........#
.))......#... #..........#.#
###..###.#...#####..........#.#
.....# #..................#.#
...#.# #..............####.#
...#.### #....g.........# #.#
.........##.##.#@........####.#
###...........................#
###..........#.################
..#..........#. ##########
..#..........# #........#
..#........... #........#
.)#............ #........#
..####'#.##.#...##........#
.........##.#... #........#


You could see a gnoll.

Vanquished Creatures
  A dart slug (D:1)
  2 endoplasms (D:1)
  A goblin (D:1)
  4 kobolds (D:1)
  A bat (D:1)
9 creatures vanquished.

Notes
Turn   | Place    | Note
-------+----------+-------------------------------------------
     0 | D:1      | Morbidden the Demonspawn Brigand began the quest for the
                  | Orb.
     0 | D:1      | Reached XP level 1. HP: 16/16 MP: 1/1
     6 | D:1      | Noticed an imperial myrmidon
     6 | D:1      | Noticed a basilisk
     7 | D:1      | Noticed a centaur warrior
     7 | D:1      | Noticed a hell rat
   205 | D:1      | Gained mutation: You have sharp toenails. [demonic
                  | ancestry]
   205 | D:1      | Reached XP level 2. HP: 22/22 MP: 2/2
   321 | D:1      | Reached skill level 4 in Stealth
   395 | D:1      | Slain by a gnoll

Illustrated notes

Levels and vault maps discovered:
D:1:      onia_arrival_zoo_common, layout_basic

Skill      XL: |  1  2 |
---------------+-------+-----
Throwing       | 2 |  2.0
Stealth        | 4 |  4.0
Fighting       | |  2.0
Short Blades   | |  1.9
Dodging        | |  0.8

Action                   || total
-------------------------++-------
Melee: Dagger            ||     7
       Unarmed           ||    12
       Kick              ||     5
Throw: Dart              ||     9
 Stab: Sleeping          ||     1
Armor: Robe              ||     3
Dodge: Dodged            ||     6

Table legend: (Time is in decaauts)
 A = Elapsed time spent in this place.
 B = Non-inter-level travel time spent in this place.
 C = Inter-level travel time spent in this place.
 D = Time resting spent in this place.
 E = Time spent auto-exploring this place.
 F = Levels seen in this place.
 G = Mean time per level.
                   A        B        C        D        E       F      G
               +--------+--------+--------+--------+--------+-----+--------+
         Total |    393 |    393 |      0 |      0 |    333 |   1 |  393.0 |
       Dungeon |    393 |    393 |      0 |      0 |    333 |   1 |  393.0 |
               +--------+--------+--------+--------+--------+-----+--------+

Top non-repeatable levels by time:
     D:1: 393 daAuts
